 Dungeon Crawl Stone Soup version 0.17-a0-1442-g10bb59b (webtiles) character file.

82 OTRawrior the Magician (level 4, -6/24 HPs)
             Began as a Gargoyle Wizard on June 27, 2015.
             Killed from afar by Sigmund (10 damage)
             ... with a puff of flame
             ... on level 2 of the Dungeon.
             The game lasted 00:04:38 (1634 turns).

OTRawrior the Magician (Gargoyle Wizard)            Turns: 1634, Time: 00:04:38

Health: -6/24      AC:  6    Str: 11    XL:     4   Next: 43%
Magic:  1/9        EV: 11    Int: 19    God:
Gold:   25         SH:  0    Dex:  8    Spells: 4 memorised, 1 level left

rFire  . . .     SeeInvis .     e - +0 short sword
rCold  . . .     Clarity  .     a - +0 robe
rNeg   + . .     SustAt   .     (no shield)
rPois  ∞         Gourm    .     b - +0 hat
rElec  +         Spirit   .     (no cloak)
rCorr  .         Warding  .     h - +0 pair of gloves
rMut   .         Stasis   .     (no boots)
MR     .....                    (no amulet)
Stlth  ++........               (no ring)
                                (no ring)

@: very slightly contaminated, not resistant to hostile enchantments, unstealthy
A: negative energy resistance 1, electricity resistance, unbreathing,
petrification resistance, rot immunity, AC +3
a: no special abilities


You were on level 2 of the Dungeon.
You were very hungry.

You visited 1 branch of the dungeon, and saw 2 of its levels.

You collected 25 gold pieces.

Inventory:

Hand weapons
 e - a +0 short sword (weapon)
Armour
 a - a +0 robe (worn)
 b - a +0 hat (worn)
 h - a +0 pair of gloves (worn)
Scrolls
 g - a scroll of noise {unknown}
 j - a scroll of remove curse {unknown}
 k - a scroll of immolation {unknown}
 m - 2 scrolls of identify {unknown}
Books
 c - a book of Minor Magic

   Spells                             Type                      Level
   a - Magic Dart                     Conjuration                  1
   b - Blink                          Translocation                2
   c - Call Imp                       Summoning                    2
   d - Repel Missiles                 Charms/Air                   2
   e - Slow                           Hexes                        2
   f - Conjure Flame                  Conjuration/Fire             3
   g - Mephitic Cloud                 Conjuration/Poison/Air       3
Comestibles
 d - a bread ration


   Skills:
 - Level 1.5 Dodging
 - Level 2.1 Stealth
 * Level 3.8 Spellcasting
 * Level 3.4 Conjurations
   Level 0.8 Summonings
   Level 0.8 Translocations


You had one spell level left.
You knew the following spells:

 Your Spells              Type           Power        Failure   Level  Hunger
a - Magic Dart            Conj           ###.         4%          1    None
b - Conjure Flame         Conj/Fire      ##......     21%         3    ###....
c - Mephitic Cloud        Conj/Pois/Air  #.......     28%         3    ###....
A - Repel Missiles        Chrm/Air       #.....       24%         2    ##.....


Dungeon Overview and Level Annotations

Branches:
Dungeon (2/15)

Altars:

Annotations:
D:2 Sigmund


Innate Abilities, Weirdness & Mutations

You are resistant to torment.
Your stone body is resilient (AC +3).
You are immune to poison.
You resist negative energy.
You are resistant to electric shocks.
You can survive without breathing.
You are immune to petrification.
You are immune to rotting.


Message History

Sigmund is lightly wounded.
Casting: Mephitic Cloud
Confirm with . or Enter, or press ? or * to list all spells.
Aiming: Magic Dart
Press: ? - help, Shift-Dir - straight line, f/p - Sigmund
Aim: Sigmund, wielding a scythe, wearing an embroidered robe and carrying a wand of enslavement {empty} (lightly wounded, confused)
The magic dart hits Sigmund.
Sigmund is lightly wounded.
You catch the helpless Sigmund completely off-guard!
You hit Sigmund.
Sigmund is moderately wounded.
You flicker back into view.
Sigmund seems less confused.
Sigmund hits you with a scythe!
* * * LOW HITPOINT WARNING * * *
You are feeling very hungry.
Sigmund points at you and mumbles some strange words.
You resist with some effort. Sigmund casts a spell at you.
The puff of flame hits you!
You die...

#.# #.###### #.#
#.# #### #.# #.#
...# #.###### #.#
##.####......#
#@# #........<#.#
#.#
###########.###.#
#.............#.#
#.#########.#.#@#
#.........÷.#.#.#
#############.#.#
###########.#.#
#...........#.#
#...........#.#
#......[...##.#
#.............#
#...........###


You could see Sigmund.

Vanquished Creatures
  Natasha (D:2)
  2 adders (D:2)
  2 oozes (D:1)
  A giant gecko (D:1)
  2 giant cockroaches (D:1)
  6 hobgoblins
  A jackal (D:1)
  3 bats (D:1)
  4 giant newts (D:1)
  5 goblins (D:1)
  5 kobolds (D:1)
  7 rats
39 creatures vanquished.

Notes
Turn   | Place    | Note
--------------------------------------------------------------
     0 | D:1      | OTRawrior the Gargoyle Wizard began the quest for the Orb.
     0 | D:1      | Reached XP level 1. HP: 10/10 MP: 4/4
    91 | D:1      | Reached XP level 2. HP: 15/15 MP: 0/6
   165 | D:1      | Learned a level 2 spell: Repel Missiles
   641 | D:1      | Reached XP level 3. HP: 17/19 MP: 5/7
   646 | D:1      | Learned a level 3 spell: Conjure Flame
   726 | D:1      | Learned a level 3 spell: Mephitic Cloud
  1352 | D:2      | Noticed Natasha
  1368 | D:2      | Reached XP level 4. HP: 17/24 MP: 0/9
  1372 | D:2      | Killed Natasha
  1569 | D:2      | Noticed Sigmund
  1634 | D:2      | Killed from afar by Sigmund

Vault maps used:
D:1:      erik_arrival_gehennom, st_stairs_5, moated_statue
D:2:      minmay_rat_hole, uniq_sigmund, uniq_natasha

Action                   |  1- 3 |  4- 6 || total
-------------------------+-------+-------++-------
Melee: Unarmed           |     6 |       ||     6
       Short sword       |   108 |     8 ||   116
 Cast: Magic Dart        |    56 |     5 ||    61
       Mephitic Cloud    |     1 |     1 ||     2
  Use: Potion            |       |     4 ||     4
 Stab: Invisible         |       |     1 ||     1
  Eat: Chunk             |     1 |     1 ||     2
